 Dungeon Crawl Stone Soup version 0.24.0-41-g2ae2f7f1be (webtiles) character file.

Game seed: 7885260152852582491, levelgen mode: deterministic

1205 Destapler the Basher (level 8, -4/58 HPs)
             Began as a Demonspawn Gladiator on Dec 14, 2019.
             Was an Initiate of Nemelex Xobeh.
             Killed from afar by an electric eel (8 damage)
             ... with a bolt of electricity
             ... on level 6 of the Dungeon.
             The game lasted 00:23:53 (4792 turns).

Destapler the Basher (Demonspawn Gladiator)         Turns: 4792, Time: 00:23:56

Health: -4/58      AC: 11    Str: 23    XL:     8   Next: 21%
Magic:  8/8        EV: 11    Int:  9    God:    Nemelex Xobeh [......]
Gold:   216        SH:  5    Dex: 14    Spells: 7/7 levels left

rFire    . . .     SeeInvis .   y - +1 whip (freeze)
rCold    + . .     Gourm    .   (no shield)
rNeg     . . .     Faith    .   r - +0 chain mail {rC+}
rPois    +         Spirit   .   c - +0 helmet
rElec    .         Reflect  +   (no cloak)
rCorr    .         Harm     .   (no gloves)
MR       .....                  (no boots)
Stlth    ..........             m - +5 amulet of reflection
HPRegen  2.19/turn              F - ring of poison resistance
MPRegen  0.11/turn              J - +2 ring of evasion

@: mighty, flying
A: talons 2, icy blue scales 1, powered by death 1
a: Draw Escape, Draw Destruction, Draw Summoning, Renounce Religion


You were on level 6 of the Dungeon.
You worshipped Nemelex Xobeh.
Nemelex Xobeh was noncommittal.
You were not hungry.

You visited 2 branches of the dungeon, and saw 7 of its levels.

You collected 216 gold pieces.

Inventory:

Hand Weapons
 y - a +1 whip of freezing (weapon)
Missiles
 d - 3 throwing nets (quivered) {!f}
 j - 140 stones
 v - 11 boomerangs
 B - 27 poisoned darts
Armour
 c - a +0 helmet (worn)
 r - a +0 chain mail of cold resistance (worn)
Jewellery
 m - a +5 amulet of reflection (around neck)
 F - a ring of poison resistance (left hand)
 G - a +3 ring of intelligence
 J - a +2 ring of evasion (right hand)
Scrolls
 i - 2 scrolls of blinking
 k - 5 scrolls of identify
 n - 4 scrolls of remove curse
 o - a scroll of enchant armour {unknown}
 p - a scroll of fear {unknown}
 w - 5 scrolls of magic mapping {unknown}
 C - 2 scrolls of teleportation {unknown}
 E - a scroll of random uselessness {unknown}
Potions
 e - a potion of resistance
 g - 2 potions of flight
 h - a potion of ambrosia {unknown}
 l - a potion of might
 q - a potion of haste {unknown}
 s - a potion of mutation {unknown}
 u - 2 potions of invisibility {unknown}
 x - a potion of agility {unknown}
 z - 2 potions of cancellation {unknown}
 H - a potion of degeneration {unknown}
 I - a potion of lignification {unknown}
Comestibles
 f - 9 rations
 D - 3 chunks of flesh


   Skills:
 + Level 3.1 Fighting
 * Level 8.9 Maces & Flails
 - Level 1.7 Throwing
 - Level 2.6 Dodging
 + Level 2.1 Stealth


You had 7 spell levels left.
You didn't know any spells.
Your spell library was empty.

Dungeon Overview and Level Annotations

Branches:
Dungeon (6/15)             Temple (1/1) D:5

Altars:
Ashenzari
Dithmenos
Elyvilon
Fedhas
Hepliaklqana
Makhleb
Nemelex Xobeh
Okawaru
Qazlal
Ru
Sif Muna
Trog
Vehumet
Xom
Yredelemnul
Zin
The Shining One


Innate Abilities, Weirdness & Mutations

You have razor-sharp toenails.
You are partially covered in icy blue scales. (AC +2)
You regenerate a little health from kills.


Message History

The electric eel shoots out a bolt of lightning at you!
The bolt of electricity hits the adder zombie.
The bolt of electricity hits you but does no damage.
The adder zombie barely misses you.
A worker ant comes into view.
You whack the adder zombie!
You destroy the adder zombie!
The electric eel shoots out a bolt of lightning at you!
The bolt of electricity hits you!
* * * LOW HITPOINT WARNING * * *
Eustachio hits you with a +0 rapier.
* * * LOW HITPOINT WARNING * * *
You whack Eustachio! You freeze Eustachio!
You kill Eustachio!
Your Fighting skill increases to level 3!
Your Stealth skill increases to level 2!
The electric eel shoots out a bolt of lightning at you!
The bolt of electricity hits you!
You die...
Your body disappears without a glow.

#####################..
#............)@.....a..
#.##########.o###;..≈##
#.# #.#...#≈≈#..
###.######## #.#.⌠.# ≈#
.........>.. #.#...#
;#. ###[########
#..###≈≈≈≈# #.#
#....≈≈≈≈≈≈.. ##.#
#o...≈≈≈≈≈≈.. ##..#
#..###≈≈≈≈###


You could see a worker ant, an electric eel and an orc.

Vanquished Creatures
  Eustachio (D:6)
  An ice beast (D:5)
  A phantom (D:5)
  An ogre (D:6)
  A centaur (D:5)
  A scorpion (D:6)
  2 howler monkeys
  A centaur zombie (D:6)
  5 orc wizards
  4 orc priests
  5 worker ants
  3 gnolls (D:2)
  4 adders
  A shadow imp (D:5)
  4 oozes
  An adder skeleton (D:4)
  An adder zombie (D:6)
  3 worms
  3 dart slugs
  5 leopard geckos
  17 orcs
  2 giant cockroaches
  12 goblins
  7 hobgoblins
  4 jackals
  3 quokkas
  A ball python (D:1)
  6 bats
  5 frilled lizards
  A giant cockroach zombie (D:5)
  13 kobolds
  9 rats
128 creatures vanquished.

Notes
Turn   | Place    | Note
-------+----------+-------------------------------------------
     0 | D:1      | Destapler the Demonspawn Gladiator began the quest for the
                  | Orb.
     0 | D:1      | Reached XP level 1. HP: 16/16 MP: 1/1
    39 | D:1      | Reached skill level 3 in Maces & Flails
   276 | D:1      | Gained mutation: You regenerate a little health from kills.
                  | [demonic ancestry]
   276 | D:1      | Reached XP level 2. HP: 22/22 MP: 2/2
   684 | D:1      | Reached XP level 3. HP: 26/27 MP: 3/3
   685 | D:1      | You fall into a shaft and drop 1 floor!
   774 | D:2      | Reached skill level 4 in Maces & Flails
  1413 | D:2      | Gained mutation: You have sharp toenails. [demonic
                  | ancestry]
  1413 | D:2      | Reached XP level 4. HP: 21/33 MP: 4/4
  1571 | D:2      | Found a bloodstained altar of Trog.
  2140 | D:3      | Reached skill level 5 in Maces & Flails
  2166 | D:3      | Found a shimmering altar of Xom.
  2322 | D:3      | Reached XP level 5. HP: 15/38 MP: 5/5
  2917 | D:3      | Found an iron altar of Okawaru.
  3136 | D:4      | Reached skill level 6 in Maces & Flails
  3140 | D:4      | Gained mutation: You are partially covered in icy blue
                  | scales. (AC +2) [demonic ancestry]
  3140 | D:4      | Reached XP level 6. HP: 34/44 MP: 6/6
  3468 | D:4      | Reached skill level 7 in Maces & Flails
  3705 | D:4      | Reached XP level 7. HP: 43/50 MP: 7/7
  3820 | D:5      | Entered Level 5 of the Dungeon
  3932 | D:5      | Reached skill level 8 in Maces & Flails
  3954 | D:5      | Found a staircase to the Ecumenical Temple.
  3966 | Temple   | Entered the Ecumenical Temple
  4147 | Temple   | Became a worshipper of Nemelex Xobeh the Trickster
  4350 | D:5      | Received a gift from Nemelex Xobeh
  4697 | D:6      | Reached skill level 1 in Stealth
  4767 | D:6      | Gained mutation: You have razor-sharp toenails. [demonic
                  | ancestry]
  4767 | D:6      | Reached XP level 8. HP: 26/57 MP: 8/8
  4769 | D:6      | Noticed Eustachio
  4792 | D:6      | Killed Eustachio
  4792 | D:6      | Killed from afar by an electric eel

Levels and vault maps discovered:
D:1:      dpeg_arrival_pits, layout_basic, serial_co_window_serial,
          co_window_of_opportunity_a, co_window_paths_a, co_window_paths_a,
          co_window_paths_a, co_window_paths_b, co_window_broadway_a,
          co_window_2corner, co_window_unsneaky_path_d, co_window_paths_e,
          chequers_serial_rivers_marsh
D:2:      wander_river, layout_loops_corners, marbit_many_paths
D:3:      layout_loops_ring, lemuel_round_altar, kennysheep_okawaru_gauntlet
D:4:      layout_loops_ring
D:5:      layout_rooms, temple_fountains, first_ration
D:6:      layout_loops_ring, basic_altar, fountainhead, uniq_eustachio
Temple:   eino_narrow_crystal_temple

Skill      XL: |  1  2  3  4  5  6  7  8 |
---------------+-------------------------+-----
Maces & Flails | 3 4 5 6 7 8 |  8.9
Stealth        | 1 2 |  2.1
Fighting       | 3 |  3.1
Throwing       | |  1.7
Dodging        | |  2.6

Action                   |  1- 3 |  4- 6 |  7- 9 || total
-------------------------+-------+-------+-------++-------
Melee: Flail             |   116 |    62 |       ||   178
       Kick              |       |    68 |    30 ||    98
       Whip              |       |   143 |   123 ||   266
 Abil: Draw Destruction  |       |       |     3 ||     3
  Use: Scroll            |       |     4 |       ||     4
       Potion            |       |       |     2 ||     2
 Stab: Sleeping          |     1 |       |       ||     1
  Eat: Chunk             |     2 |     7 |     4 ||    13
Armor: Leather armour    |    27 |       |       ||    27
       Chain mail        |    14 |    85 |    39 ||   138
Dodge: Dodged            |    62 |    44 |    34 ||   140
Block: Other             |    14 |    37 |    15 ||    66
       Reflection        |       |     3 |     1 ||     4
